 Dungeon Crawl Stone Soup version 0.29.1-2-gbd0b4ee654 (webtiles) character file.

Game seed: 5292434334106141276

105 qeuew the Sneak (level 4, -3/30 HPs)
             Began as an Octopode Brigand on Nov 3, 2022.
             Slain by a goblin
             ... wielding a +2 dagger of electrocution
             ... led by Robin
              (20 damage)
             ... on level 2 of the Dungeon.
             The game lasted 00:04:51 (1520 turns).

qeuew the Sneak (Octopode Brigand)                  Turns: 1520, Time: 00:04:52

Health: -3/30      AC:  3    Str:  9 (10) XL:     4   Next: 81%
Magic:  4/4        EV: 13    Int: 13      God:
Gold:   127        SH:  0    Dex: 15      Spells: 3/3 levels left

rFire   . . .      SeeInvis .   a - +3 dagger
rCold   + . .      Faith    .   (no shield)
rNeg    . . .      Spirit   .   (helmet restricted)
rPois   .          Reflect  .   (no amulet)
rElec   .          Harm     .   (no ring)
rCorr   .          Rampage  .   (no ring)
Will    .....                   (no ring)
Stlth   +++++.....              (no ring)
HPRegen 0.10/turn               (no ring)
MPRegen 0.09/turn               (no ring)
                                (no ring)
                                (no ring)

@: no status effects
A: almost no armour, amphibious, 8 rings, camouflage 1, gelatinous body 1,
(nimble swimmer 1), tentacles, tentacle spike 1, iridescent scales 1, cold
resistance 1
a: no special abilities


You were on level 2 of the Dungeon.
You visited 1 branch of the dungeon, and saw 2 of its levels.

You collected 127 gold pieces.

Inventory:

Hand Weapons
 a - a +3 dagger (weapon)
Missiles
 b - 8 poisoned darts (quivered)
 c - 3 curare-tipped darts
Jewellery
 l - a ring of ice
Wands
 i - a wand of flame (21)
Scrolls
 f - 2 scrolls of magic mapping
 h - 2 scrolls of identify
 j - a scroll of butterflies {unknown}
 m - a scroll of enchant armour {unknown}
 o - a scroll of acquirement {unknown}
Potions
 d - 2 potions of attraction
 e - a potion of curing
 g - a potion of brilliance
 k - a potion of berserk rage {unknown}
 n - a potion of haste {unknown}


   Skills:
 + Level 2.3 Fighting
 + Level 2.8 Short Blades
 + Level 2.1 Throwing
 + Level 1.3 Dodging
 + Level 7.2 Stealth


You had 3 spell levels left.
You didn't know any spells.
Your spell library contained the following spells:

 Spells                   Type           Power      Damage    Failure   Level
 Beastly Appendage        Tmut           0%         N/A       30%         1
 Wereblood                Tmut           0%         N/A       43%         2
 Spider Form              Tmut/Pois      0%         N/A       67%         3


Dungeon Overview and Level Annotations

Branches:
Dungeon (2/15)

Altars:
Xom

Shops:
D:2 ([[

Annotations:
D:2 Robin


Innate Abilities, Weirdness & Mutations

You cannot wear most types of armour.
You are amphibious.
You can wear up to eight rings at the same time.
Your skin changes colour to match your surroundings (Stealth+).
Your rubbery body absorbs attacks. (AC +1, EV +1)
((You are camouflaged when in or above water. (Stealth+)))
You have tentacles for arms and can constrict up to eight enemies at once.
One of your tentacles bears a spike.
You are partially covered in iridescent scales. (AC +2)
Your flesh is cold resistant. (rC+)


Message History

The worm is poisoned.
Unknown command.
Throw: 11 darts (poison)
Press: ? - help, Q - select action, (/) - cycle Shift-Dir - straight line, f/p - worm
Aim: a worm (lightly wounded, poisoned, 79% to hit)
You throw a poisoned dart.
The poisoned dart barely misses the worm.
The poisoned dart hits the goblin.
Throw: 10 darts (poison)
Press: ? - help, Q - select action, (/) - cycle Shift-Dir - straight line, f/p - worm
Aim: a worm (lightly wounded, poisoned, 79% to hit)
You throw a poisoned dart. The poisoned dart hits the worm.
The worm looks even sicker.
The worm is lightly wounded.
Throw: 9 darts (poison)
Press: ? - help, Q - select action, (/) - cycle Shift-Dir - straight line, f/p - worm
Aim: a worm (heavily wounded, poisoned, 79% to hit)
You throw a poisoned dart.
The poisoned dart barely misses the goblin.
The poisoned dart barely misses the goblin.
The poisoned dart hits the worm.
The worm looks even sicker.
The worm is heavily wounded.
The goblin closely misses you.
You hit the goblin.
You kill the goblin!
The goblin barely misses you. The goblin hits you with a +0 club.
You barely miss the goblin. You grab the goblin. You constrict the goblin.
The goblin struggles to escape constriction.
You hit the goblin.
You kill the goblin!
The worm bites you. The goblin barely misses you.
The goblin attacks as you move away!
The goblin hits you with a +2 dagger of electrocution.
The goblin barely misses you.
The goblin hits you with a +2 dagger of electrocution.
You are electrocuted!!
Ouch! That really hurt!
You die...

####### #.#
#.....#####.#
#.....'.....#
#.....#######
#.....# #....†# ##
####.....### ..
#.gwg......#####..
#@g)....(.(((.)†.(
#..........#####g.
#..........# ..
#..........# ..
#..........# ..
#..........# ..
#..........# $.
#..........# ..
#..........#


You could see a worm (poisoned) and 3 goblins.

Vanquished Creatures
  Jessica (D:2)
  Natasha (D:2)
  A worm (D:2)
  2 dart slugs
  7 ball pythons
  An endoplasm (D:1)
  A giant cockroach (D:1)
  9 goblins
  3 hobgoblins (D:2)
  4 jackals (D:2)
  A quokka (D:2)
  6 bats
  2 frilled lizards (D:1)
  5 kobolds
  3 rats
47 creatures vanquished.

Notes
Turn   | Place    | Note
-------+----------+-------------------------------------------
     0 | D:1      | qeuew the Octopode Brigand began the quest for the Orb.
     0 | D:1      | Reached XP level 1. HP: 14/14 MP: 1/1
    56 | D:1      | Found a faded altar of an unknown god.
    85 | D:1      | Reached XP level 2. HP: 14/19 MP: 2/2
   259 | D:1      | Reached skill level 6 in Stealth
   691 | D:1      | Gained mutation: You are partially covered in iridescent
                  | scales. (AC +2) [potion of mutation]
   691 | D:1      | Gained mutation: One of your tentacles bears a spike.
                  | [potion of mutation]
   691 | D:1      | Gained mutation: Your flesh is cold resistant. (rC+)
                  | [potion of mutation]
   768 | D:2      | Found a shimmering altar of Xom.
   770 | D:2      | Noticed Jessica
   777 | D:2      | Killed Jessica
   778 | D:2      | Reached XP level 3. HP: 24/24 MP: 3/3
   786 | D:2      | Found Kurix's Armour Shoppe.
   992 | D:2      | Reached XP level 4. HP: 25/29 MP: 4/4
  1144 | D:2      | Reached skill level 7 in Stealth
  1160 | D:2      | Found Naebolie's Antique Armour Emporium.
  1344 | D:2      | Found Xyolor's Antique Weapon Boutique.
  1446 | D:2      | Noticed Natasha
  1453 | D:2      | Killed Natasha
  1491 | D:2      | Noticed Robin
  1520 | D:2      | Slain by a goblin

Illustrated notes

Levels and vault maps discovered:
D:1:      psy_arrival_fountain, layout_rooms, basic_ecumenical_altar
D:2:      layout_basic, serial_shops, nicolae_shop_waterfront,
          nicolae_shop_behind_doors, shop, basic_altar, nrook_loot_triangle,
          uniq_natasha, uniq_robin, uniq_jessica

Skill      XL: |  1  2  3  4 |
---------------+-------------+-----
Stealth        | 6 7 |  7.2
Fighting       | |  2.3
Short Blades   | |  2.8
Throwing       | |  2.1
Dodging        | |  1.3

Action                   |  1- 3 |  4- 6 || total
-------------------------+-------+-------++-------
Melee: Dagger            |    52 |    28 ||    80
       Constrict         |    12 |    10 ||    22
       Tentacles         |     9 |     4 ||    13
       Kick              |     2 |     6 ||     8
Throw: Dart              |       |     6 ||     6
  Use: Potion            |     5 |       ||     5
       Scroll            |     4 |       ||     4
 Stab: Sleeping          |     7 |     4 ||    11
Armor: Skin              |     4 |     8 ||    12
Dodge: Dodged            |    25 |    24 ||    49
